AoeStats
← NDF

Arabia

509520924Analyzed
1v1 RM · 4d ago on Sep 27, 2026· 38m 15s· 2 players
Game mode
Random Map
Map size
Tiny (2 player)
Population
200
Speed
Normal
Resources
Standard
Victory
Conquest
Starting age
Dark Age
Ending age
Imperial Age
RankedLock teamsTeams togetherTeam positionsShared explorationLock speedFull tech treeHidden civsTurbo modeCheats
Victory
Defeat
🇦🇷 Teutons · Argentina
592
+15
🇺🇸 Byzantines · United States
571
-15
Derelict
4:14 Loom
6:12 Loom
14:33 Feudal Age
16:08 Wheelbarrow
16:09 Double-Bit Axe
16:17 Gold Mining
15:57 Man-at-Arms
17:04 Arson
24:24 Castle Age
23:36 Scale Mail Armor
24:58 Forging
24:31 Pikeman
25:05 Horse Collar
25:51 Squires
27:25 Gambesons
27:01 Long Swordsman
29:51 Chain Mail Armor
32:43 Heavy Plow
35:02 Hand Cart
35:47 Treadmill Crane
36:28 Bow Saw
NDF
2:33 Loom
12:39 Feudal Age
16:53 Bloodlines
26:25 Castle Age
24:53 Scale Barding Armor
25:02 Forging
27:20 Double-Bit Axe
27:19 Horse Collar
27:33 Stone Mining
29:53 Gold Mining
30:39 Stone Shaft Mining
29:35 Crossbowman
30:44 Padded Archer Armor
30:37 Fletching
33:46 Iron Casting
35:12 Scale Mail Armor
35:33 Chain Barding Armor
36:35 Bow Saw
36:31 Heavy Plow
Connection lost

Rejoining the realm…

Still unreachable

The connection could not be restored.

Session expired

The server has moved on; the page needs a fresh start.